 Dungeon Crawl Stone Soup version 0.25-a0-699-g25a338df49 (webtiles) character file.

Game seed: 638571799783193141, levelgen mode: deterministic

3137 Ezendos the Fighter (level 9, -7/82 HPs)
             Began as a Ghoul Chaos Knight on Apr 2, 2020.
             Was a Plaything of Xom.
             Mangled by an ogre
             ... wielding a +0 giant club
              (10 damage)
             ... on level 8 of the Dungeon.
             The game lasted 00:26:05 (6842 turns).

Ezendos the Fighter (Ghoul Chaos Knight)            Turns: 6842, Time: 00:26:05

Health: -7/82      AC:  9    Str: 19    XL:     9   Next: 92%
Magic:  12/12      EV: 11    Int:  7    God:    Xom [.*....]
Gold:   396        SH:  0    Dex:  8    Spells: 8/10 levels left

rFire    + . .     SeeInvis .     - Unarmed
rCold    + . .     Gourm    .   (no shield)
rNeg     + + +     Faith    .   n - +2 ring mail {rF+}
rPois    ∞         Spirit   .   m - +0 hat
rElec    .         Reflect  .   L - +0 cloak (curse)
rCorr    .         Harm     .   (no gloves)
MR       .....                  (no boots)
Stlth    +.........             (no amulet)
HPRegen  0.00/turn              c - +1 ring of protection
MPRegen  0.13/turn              o - ring of stealth

@: rotting
A: rotting body, claws 1, carnivore, cold resistance 1, negative energy
resistance 3, inhibited regeneration, torment resistance, unbreathing
a: Renounce Religion


You were on level 8 of the Dungeon.
You worshipped Xom.
You were a plaything of Xom.
You were not hungry.

You visited 1 branch of the dungeon, and saw 8 of its levels.

You collected 396 gold pieces.

Inventory:

Missiles
 f - 37 poisoned darts (quivered)
 l - 54 sling bullets
 x - 9 boomerangs
 E - 14 atropa-tipped darts
Armour
 m - a +0 hat (worn)
 n - a +2 ring mail of fire resistance (worn)
 y - a +0 plate armour
 L - a cursed +0 cloak (worn)
Jewellery
 c - a +1 ring of protection (left claw)
 o - a ring of stealth (right claw)
 J - an uncursed ring of magical power
Wands
 a - a wand of flame (11)
 d - a wand of random effects (15)
 r - a wand of scattershot (3)
 t - a wand of iceblast (19)
 u - a wand of polymorph (15)
 H - a wand of digging (4)
Scrolls
 e - a scroll of immolation {unknown}
 g - 2 scrolls of enchant armour
 i - a scroll of magic mapping {unknown}
 j - a scroll of fear {unknown}
 q - 4 scrolls of remove curse
 s - 2 scrolls of teleportation
 v - a scroll of noise {unknown}
 F - 2 scrolls of blinking {unknown}
Potions
 h - a potion of magic {unknown}
 k - a potion of might {unknown}
 p - a potion of resistance {unknown}
 w - a potion of curing {unknown}
 z - a potion of heal wounds {unknown}
 A - a potion of stabbing
 B - 2 potions of brilliance {unknown}
 C - 2 potions of flight
 G - a potion of invisibility {unknown}
 I - a potion of degeneration {unknown}
Comestibles
 b - 8 rations


   Skills:
 + Level 8.8 Fighting
 - Level 3.1 Armour
 - Level 3.0 Dodging
 - Level 8.0 Unarmed Combat
 - Level 1.0 Spellcasting
 - Level 4.0 Necromancy
 - Level 6.0 Evocations


You had 8 spell levels left.
You knew the following spells:

 Your Spells              Type           Power        Failure   Level  Hunger
a - Animate Skeleton      Necr           N/A          14%         1    ##.....
b - Apportation           Tloc           #.....       56%         1    ##.....

Your spell library contained the following spells:

 Spells                   Type           Power        Failure   Level  Hunger
 Corona                   Hex            #......      56%         1    ##.....
 Shock                    Conj/Air       #...         56%         1    ##.....
 Summon Small Mammal      Summ           #...         56%         1    ##.....
 Swiftness                Chrm/Air       #.......     71%         2    ###....
 Static Discharge         Conj/Air       #.......     91%         3    ####...
 Airstrike                Air            #.........   100%        4    #####..
 Lightning Bolt           Conj/Air       #.........   100%        5    ######.


Dungeon Overview and Level Annotations

Branches:
Dungeon (8/15)             Temple (0/1) D:7
   Lair: D:8-11

Altars:
Ashenzari
Cheibriados
Elyvilon
Hepliaklqana
Kikubaaqudgha
Nemelex Xobeh
Okawaru
Ru
Sif Muna
Uskayaw
Xom
The Shining One

Shops:
D:4 (

Annotations:
D:6 2 transporters


Innate Abilities, Weirdness & Mutations

Your body is rotting away.
You thrive on raw meat.
You are immune to poison.
You have sharp fingernails.
You are carnivorous and can eat meat at any time.
Your flesh is cold resistant. (rC+)
You are immune to negative energy. (rN+++)
You do not regenerate when monsters are visible.
You are immune to unholy pain and torment.
You can survive without breathing.


Message History

The ogre is moderately wounded.
The ogre completely misses you.
You barely miss the ogre.
The ogre is moderately wounded.
The ogre hits you with a +0 giant club!
* * * LOW HITPOINT WARNING * * *
Okay, then.
Okay, then.
The ogre hits you with a +0 giant club!!
* * * LOW HITPOINT WARNING * * *
As you read the scroll labeled DOOSMUOGO, it crumbles to dust.
You feel strangely unstable.
It was a scroll of teleportation.
The ogre barely misses you.
Okay, then.
Your surroundings seem slightly different.
The ogre barely misses you. The ogre misses you.
Found 8 gold pieces.
The ogre hits you with a +0 giant club!
You die...
Xom cackles wildly!

### ######### $. #........ # ##..
#........ ..#### #.. ##........
#....## #.# ###...###### ####..#
#######.###.[.###
#####.#####...........###########
................@O.....(....((...
#######..#.#.#################...
##...#.# #..## #####..#.# #.##
#........## #(# #.######..### .(#
#####.# ##....# ###. #.<.).#
#..##..# # #.#########>## .#


You could see an ogre.

Vanquished Creatures
  Pikel (D:7)
  A steam dragon (D:7)
  Edmund (D:5)
  Menkaure (D:5)
  A warg (shapeshifter) (D:6)
  A water moccasin (D:6)
  A black bear (D:5)
  A sky beast (D:8)
  5 ogres
  2 centaurs
  2 big kobolds
  3 scorpions
  A killer bee (D:7)
  3 wights (D:6)
  5 crimson imps
  3 howler monkeys (D:7)
  A jelly (D:4)
  An orc priest (D:4)
  2 bullfrog skeletons
  A centaur skeleton (D:5)
  An orc wizard (D:4)
  An iguana (D:4)
  2 worker ants
  A hound skeleton (D:7)
  A howler monkey zombie (D:7)
  5 adders
  7 gnolls
  A shadow imp (D:7)
  2 oozes
  A worm (D:4)
  3 dart slugs
  6 orcs
  A giant cockroach (D:5)
  3 goblins (D:2)
  7 hobgoblins
  4 jackals (D:2)
  12 kobolds
  2 quokkas
  4 ball pythons
  A ball python skeleton (D:4)
  6 bats
  5 frilled lizards
  A jackal skeleton (D:6)
  A leopard gecko skeleton (D:6)
  6 rats
121 creatures vanquished.

Vanquished Creatures (collateral kills)
  Eustachio (D:4)
  An ogre (D:5)
2 creatures vanquished.

Vanquished Creatures (others)
  6 fungi (D:8)
  3 plants (D:8)
9 creatures vanquished.

Grand Total: 132 creatures vanquished

Notes
Turn   | Place    | Note
-------+----------+-------------------------------------------
     0 | D:1      | Ezendos the Ghoul Chaos Knight began the quest for the Orb.
     0 | D:1      | Reached XP level 1. HP: 19/19 MP: 0/0
    72 | D:1      | XOM: harmless Ice miscast
    75 | D:1      | Reached XP level 2. HP: 23/26 MP: 1/1
   141 | D:1      | XOM: potion effect (might)
   283 | D:1      | XOM: god gift: shiny naga barding {god gift}
   507 | D:1      | XOM: scenery: create altars
   585 | D:2      | Reached XP level 3. HP: 26/33 MP: 2/2
   715 | D:2      | Reached XP level 4. HP: 40/41 MP: 3/3
   769 | D:2      | Found a sacrificial altar of Ru,
  1509 | D:3      | XOM is BORED!
  1509 | D:3      | XOM: 4-stop teleportation journey
  1961 | D:3      | XOM: polymorph adder -> ooze
  1968 | D:3      | Reached skill level 1 in Dodging
  2229 | D:4      | XOM: mild Air miscast
  2230 | D:4      | Reached XP level 5. HP: 39/47 MP: 4/4
  2282 | D:4      | XOM: 2-stop teleportation journey
  2298 | D:4      | XOM: confuse monster(s)
  2314 | D:4      | XOM: enchant monster (good)
  2320 | D:4      | Reached skill level 5 in Fighting
  2320 | D:4      | Reached skill level 5 in Unarmed Combat
  2422 | D:4      | Reached XP level 6. HP: 56/56 MP: 5/5
  2500 | D:4      | Found Xoet Iw Fadgh's Weapon Emporium,
  2552 | D:4      | Found a shattered altar of Ashenzari,
  2567 | D:4      | Noticed Eustachio
  2580 | D:4      | XOM: summons friendly shadow imp
  2585 | D:4      | Killed Eustachio
  2969 | D:5      | Entered Level 5 of the Dungeon
  2998 | D:4      | Reached XP level 7. HP: 43/63 MP: 6/6
  3032 | D:4      | XOM: cloud trail
  3119 | D:5      | Found a hazy altar of Hepliaklqana,
  3131 | D:5      | Found a glowing golden altar of the Shining One,
  3138 | D:5      | Found a hide-covered altar of Uskayaw,
  3139 | D:5      | Found a white marble altar of Elyvilon,
  3163 | D:5      | XOM: summons 3 friendly demons
  3232 | D:5      | XOM: silly message
  3430 | D:5      | Found a sparkling altar of Nemelex Xobeh,
  3473 | D:5      | Noticed Menkaure
  3478 | D:5      | Noticed Edmund
  3479 | D:5      | XOM: confusion (+ monsters)
  3488 | D:5      | Killed Menkaure
  3496 | D:5      | XOM: swap monsters
  3516 | D:5      | XOM: confusion
  3523 | D:5      | XOM: polymorph ogre -> black bear
  3528 | D:5      | XOM: blink monster(s)
  3535 | D:5      | Reached XP level 8. HP: 61/72 MP: 7/7
  3619 | D:5      | Learned a level 1 spell: Animate Skeleton
  3621 | D:5      | Learned a level 1 spell: Apportation
  3771 | D:5      | Killed Edmund
  3771 | D:5      | Reached skill level 1 in Necromancy
  4014 | D:6      | XOM: summons 1 hostile shadow creature
  4192 | D:6      | XOM: chaos cloud
  4199 | D:6      | Noticed a shapeshifter
  4199 | D:6      | an ice beast changed into a shapeshifter
  4200 | D:6      | Noticed a blink frog
  4200 | D:6      | a shapeshifter changed into a blink frog
  4201 | D:6      | a blink frog changed into a warg
  4366 | D:6      | XOM: harmless Chrm miscast
  4383 | D:6      | XOM: medium Ice miscast
  4393 | D:6      | Found a transporter,
  4402 | D:6      | Found a snail-covered altar of Cheibriados,
  4413 | D:6      | Reached skill level 1 in Evocations
  4689 | D:6      | Reached XP level 9. HP: 81/81 MP: 10/10
  4783 | D:6      | Noticed a two-headed ogre
  4787 | D:6      | Found a transporter,
  4800 | D:6      | Found a shimmering blue altar of Sif Muna,
  5222 | D:7      | Noticed Pikel
  5228 | D:7      | XOM: summons 2 hostile shadow creatures
  5236 | D:7      | XOM: cleaving
  5247 | D:7      | XOM: mild Air miscast
  5251 | D:7      | Killed Pikel
  5251 | D:7      | Reached skill level 5 in Evocations
  5293 | D:7      | Found an ancient bone altar of Kikubaaqudgha,
  5324 | D:7      | XOM: chaos cloud
  5398 | D:7      | Found a staircase to the Ecumenical Temple,
  5418 | D:7      | XOM: polymorph worker ant -> steam dragon
  5720 | D:7      | XOM: medium Hex miscast
  5770 | D:8      | XOM: fake destruction
  5773 | D:8      | XOM: noise
  5776 | D:8      | Reached skill level 1 in Spellcasting
  5829 | D:8      | XOM: cast spell 'Summon Small Mammal'
  5835 | D:7      | XOM: divination: detect creatures
  5992 | D:8      | Found an iron altar of Okawaru,
  6052 | D:8      | XOM: stat loss: -1 Int (6/7)
  6149 | D:8      | XOM: confusion
  6200 | D:8      | XOM: mild Fire miscast
  6283 | D:8      | XOM: swap monsters
  6301 | D:7      | HP: 4/82 [ogre/+0 giant club (15)]
  6303 | D:7      | XOM: summons friendly iron imp
  6324 | D:7      | XOM: enchant monster (bad)
  6334 | D:7      | XOM: harmless Tmut miscast
  6703 | D:7      | XOM: enchant monster (bad)
  6726 | D:7      | XOM: harmless Summ miscast
  6800 | D:8      | XOM: 1-stop teleportation journey
  6823 | D:8      | XOM: enchant monster (bad)
  6835 | D:8      | HP: 3/82 [ogre/+0 giant club (19)]
  6842 | D:8      | Mangled by an ogre

Levels and vault maps discovered:
D:1:      tarquinn_simple_flora_water_a, layout_basic, minmay_misc_feat_iff,
          minmay_tetromino_o2
D:2:      minmay_spotlight, layout_loops_cross, old_standard_altar, st_stairs_3,
          roderic_lattice_a
D:3:      layout_basic, first_ration
D:4:      layout_loops_ring, ashenzari_altar_1, serial_shops,
          nicolae_shop_crystal, uniq_eustachio
D:5:      layout_basic, nicolae_overflow_crystal_walls,
          grunt_temple_overflow_open, uniq_menkaure, uniq_edmund
D:6:      layout_layer_cave, gammafunk_temple_overflow_arena
D:7:      layout_layer_cave, kiku_gazebo_garden_becter,
          minmay_temple_entry_statues_fountains, uniq_pikel
D:8:      layout_rooms, lemuel_crystal_altar, dpeg_oklobed_lair,
          hangedman_pestilent_swarm

Skill      XL: |  1  2  3  4  5  6  7  8  9 |
---------------+----------------------------+-----
Fighting       | 4 5 6 7 8 |  8.8
Unarmed Combat | 4 5 6 7 8 |  8.0
Dodging        | 1 2 3 |  3.0
Armour         | 2 3 |  3.1
Necromancy     | 3 4 |  4.0
Evocations     | 3 6 |  6.0
Spellcasting   | 1 |  1.0

Action                   |  1- 3 |  4- 6 |  7- 9 || total
-------------------------+-------+-------+-------++-------
Melee: Unarmed           |    48 |   135 |   278 ||   461
       Punch             |     1 |     2 |     9 ||    12
Throw: Dart              |     2 |    27 |    65 ||    94
       Boomerang         |       |       |    13 ||    13
Evoke: Wand              |       |       |     1 ||     1
  Use: Scroll            |       |     4 |     6 ||    10
       Potion            |       |       |     1 ||     1
 Stab: Confused          |       |       |     1 ||     1
  Eat: Chunk             |     3 |    15 |    32 ||    50
Armor: Leather armour    |    16 |    37 |    19 ||    72
       Ring mail         |       |       |    47 ||    47
Dodge: Dodged            |    24 |    83 |   150 ||   257

Table legend:
 A = Non-vault XP
 B = Vault XP
 C = Vault XP percentage of total XP
 D = Non-vault monster count
 E = Vault monster count
 F = Vault count percentage of total count
                 A         B        C        D         E       F
            +---------+---------+-------+---------+---------+-------
      Total |    3337 |    1145 |  25.5 |     110 |      13 |  10.6
            +---------+---------+-------+---------+---------+-------
        D:1 |      13 |       4 |  23.5 |       8 |       2 |  20.0
        D:2 |      93 |      22 |  19.1 |      18 |       7 |  28.0
        D:3 |      16 |       0 |   0.0 |       8 |       0 |   0.0
        D:4 |     312 |     161 |  34.0 |      16 |       1 |   5.9
        D:5 |     560 |     341 |  37.8 |      13 |       2 |  13.3
        D:6 |     978 |       0 |   0.0 |      19 |       0 |   0.0
        D:7 |     826 |     617 |  42.8 |      17 |       1 |   5.6
        D:8 |     539 |       0 |   0.0 |      11 |       0 |   0.0
            +---------+---------+-------+---------+---------+-------
